 Dungeon Crawl Stone Soup version 0.22-b1-21-g5cfc168 (webtiles) character file.

61 tyranidshit the Skirmisher (level 3, -7/32 HPs)
             Began as a Demonspawn Abyssal Knight on Aug 2, 2018.
             Was a Believer of Lugonu.
             Killed from afar by an orc wizard (11 damage)
             ... with a puff of frost
             ... on level 3 of the Dungeon.
             The game lasted 00:03:48 (1618 turns).

tyranidshit the Skirmisher (DsAK)                   Turns: 1618, Time: 00:03:49

Health: -7/32      AC:  8    Str: 13    XL:     3   Next: 83%
Magic:  4/4        EV:  5    Int: 19    God:    Lugonu [**....]
Gold:   142        SH:  4    Dex: 12    Spells: 2/2 levels left

rFire    . . .     SeeInvis .   a - +1 hand axe
rCold    . . .     Gourm    .   g - +1 buckler
rNeg     . . .     Faith    +   d - +0 chain mail
rPois    .         Spirit   .   (helmet restricted)
rElec    .         Reflect  .   (no cloak)
rCorr    .         Harm     .   (no gloves)
MR       .....                  (no boots)
Stlth    ..........             e - amulet of faith
HPRegen  0.10/turn              m - +6 ring of intelligence
MPRegen  0.09/turn              (no ring)

@: lethally poisoned (-7 -> -39)
A: horns 1, rot immunity
a: Depart the Abyss, Bend Space, Renounce Religion


You were on level 3 of the Dungeon.
You worshipped Lugonu.
Lugonu was pleased with you.
You were not hungry.

You visited 1 branch of the dungeon, and saw 3 of its levels.
You visited the Abyss 1 time.

You collected 142 gold pieces.

Inventory:

Hand Weapons
 a - a +1 hand axe (weapon)
Armour
 b - a +0 leather armour
 d - a +0 chain mail (worn)
 g - a +1 buckler (worn)
 h - a +0 scale mail
Jewellery
 e - an amulet of faith (around neck)
 m - a +6 ring of intelligence (left hand)
Wands
 c - a wand of paralysis (14)
 j - a wand of acid (6)
Scrolls
 k - 2 scrolls of identify
Potions
 f - a potion of curing
 l - a potion of haste {unknown}
Comestibles
 i - a ration


   Skills:
 + Level 4.8 Fighting
 - Level 1.7 Axes
 - Level 1.7 Armour
 - Level 0.8 Dodging
 - Level 2.4 Invocations


You had 2 spell levels left.
You didn't know any spells.
Your spell library was empty.

Dungeon Overview and Level Annotations

Branches:
Dungeon (3/15)

Altars:


Innate Abilities, Weirdness & Mutations

You have a pair of small horns on your head.
You are immune to rotting.


Message History

Lugonu accepts your kill.
You feel very sick.
The orc wizard looks braver for a moment.
You feel sick.
The orc wizard gestures at you while chanting.
The magic dart hits you!
* * * LOW HITPOINT WARNING * * *
Things that are here:
a dagger; a ring mail
* * * LOW HITPOINT WARNING * * *
You feel sick.
The orc wizard hits you but does no damage.
You are more poisoned.
You hit the orc wizard.
The orc wizard is moderately wounded.
* * * LOW HITPOINT WARNING * * *
You feel very sick. The orc wizard casts a spell at you.
The puff of frost hits you!
You die...

##. #.# .. #.#
. .. #.### ..#
#. ....# ...##.
#.#.#
.....######## #
#.#(#
#..###........#
#.#†#.#
#.....o@)[....#
#.#.#.#
##.####.......#
#.....#
###.....#
###.### #.....#
#..# #.....#
##.# #.....####
#.#
#######......#
#.#
..§§......##.#
#.#
.§§§......##.#
#.#


You could see an orc wizard.

Vanquished Creatures
  An adder (D:2)
  A worm (D:3)
  A dart slug (D:2)
  A leopard gecko (D:3)
  2 orcs (D:3)
  3 giant cockroaches (D:1)
  6 goblins
  4 hobgoblins
  A quokka (D:3)
  A ball python (D:1)
  6 bats
  5 frilled lizards
  8 kobolds
  2 rats (D:1)
42 creatures vanquished.

Notes
Turn   | Place    | Note
-------+----------+-------------------------------------------
     0 | Abyss:1  | tyranidshit the Demonspawn Abyssal Knight began the quest for the Orb.
     0 | Abyss:1  | Reached XP level 1. HP: 18/18 MP: 2/2
    61 | Abyss:2  | Noticed a crimson imp
    61 | Abyss:2  | Noticed a crimson imp
    71 | D:1      | Escaped the Abyss
   195 | D:1      | Reached * piety under Lugonu
   213 | D:1      | Gained mutation: You are immune to rotting. [demonic ancestry]
   213 | D:1      | Reached XP level 2. HP: 5/24 MP: 3/3
   445 | D:1      | Reached skill level 4 in Fighting
   664 | D:1      | Gained mutation: You have a pair of small horns on your head. [demonic ancestry]
   664 | D:1      | Reached XP level 3. HP: 27/30 MP: 4/4
  1005 | D:2      | Reached ** piety under Lugonu
  1618 | D:3      | Killed from afar by an orc wizard

Skill      XL: |  1  2 |
---------------+-------+-----
Fighting       | 4 |  4.8
Axes           | |  1.7
Armour         | |  1.7
Dodging        | |  0.8
Invocations    | |  2.4

Action                   || total
-------------------------++-------
Melee: Hand axe          ||   134
       Headbutt          ||     7
Invok: Depart the Abyss  ||     1
  Use: Potion            ||     3
       Scroll            ||     7
  Eat: Ration            ||     1
Armor: Leather armour    ||    15
       Chain mail        ||    68
Dodge: Dodged            ||    52
Block: Buckler           ||    22
